 Dungeon Crawl Stone Soup version 0.31.0-9-g3a7656b989 (webtiles) character file.

Game seed: 5609429871080715502

1166 qw the Skirmisher (level 8, 1/1 HPs)
             Began as a Spriggan Hunter on Feb 2, 2024.
             Quit the game on level 5 of the Dungeon.
             The game lasted 00:34:38 (33057 turns).

qw the Skirmisher (Spriggan Hunter)                Turns: 33057, Time: 00:34:39

Health: 1/1        AC:  9    Str:  7    XL:     8   Next: 17%
Magic:  9/9        EV: 23    Int: 10    God:
Gold:   345        SH:  0    Dex: 21    Spells: 7/7 levels left

rFire   . . .        b - +8 orcbow (flame)
rCold   + . .        (shield currently unavailable)
rNeg    . . .        c - +0 robe
rPois   .            d - +2 hat
rElec   .            e - +0 cloak
rCorr   .            (gloves unavailable)
SInv    +            (boots unavailable)
Will    +....        (no amulet)
Stlth   ++           k - +4 ring of protection
HPRegen 0.20/turn    l - ring of protection from cold
MPRegen 0.11/turn

%: no passive effects
@: very quick
A: very small, no large weapons, unfitting armour, see invisible, speed 3
a: no special abilities


You were on level 5 of the Dungeon.
You visited 1 branch of the dungeon, and saw 5 of its levels.

You collected 345 gold pieces.


Innate Abilities, Weirdness & Mutations

You are very small and have problems with some larger weapons.
You are too small for most types of armour.
You have supernaturally acute eyesight. (SInv)
You cover ground extremely quickly. (Speed+++)


   Skills:
 - Level 3.2 Fighting
 + Level 8.1 Ranged Weapons
 - Level 8.0 Dodging
 - Level 1.5 Stealth


You had 7 spell levels left.
You didn't know any spells.
Your spell library was empty.

Inventory:

Hand Weapons
 b - a +8 orcbow of flaming (weapon)
Armour
 c - a +0 robe (worn)
 d - a +2 hat (worn)
 e - a +0 cloak (worn)
Jewellery
 k - a +4 ring of protection (left hand)
 l - a ring of protection from cold (right hand)
 Y - a +6 ring of strength
Scrolls
 a - a scroll of teleportation
Potions
 f - 3 potions of curing
 h - a potion of cancellation
 i - 2 potions of enlightenment
 m - a potion of haste

Dungeon Overview and Level Annotations

Branches:
Dungeon (5/15)             Temple (0/1) D:5

Altars:
Hepliaklqana
Yredelemnul

Shops:
D:3 (


Message History

You climb downwards.
There is a stone staircase leading up here.
Partly explored, can't reach some places.
What level of the Dungeon? (default 4, ? - help)
You climb upwards.
There is a stone staircase leading down here.
You climb downwards.
There is a stone staircase leading up here.
Partly explored, can't reach some places.
What level of the Dungeon? (default 4, ? - help)
You climb upwards.
There is a stone staircase leading down here.
You climb downwards.
There is a stone staircase leading up here.
Partly explored, can't reach some places.
What level of the Dungeon? (default 4, ? - help)
You climb upwards.
There is a stone staircase leading down here.
You climb downwards.
There is a stone staircase leading up here.
Partly explored, can't reach some places.
What level of the Dungeon? (default 4, ? - help)
You climb upwards.
There is a stone staircase leading down here.
You climb downwards.
There is a stone staircase leading up here.
Partly explored, can't reach some places.
What level of the Dungeon? (default 4, ? - help)
You climb upwards.
There is a stone staircase leading down here.
You climb downwards.
There is a stone staircase leading up here.
Partly explored, can't reach some places.
What level of the Dungeon? (default 4, ? - help)
You climb upwards.
There is a stone staircase leading down here.
You climb downwards.
Zot's power touches on you...
There is a stone staircase leading up here.
33057 ||| QUITTING!
Are you sure you want to abandon this character and quit the game? (Confirm with "yes".)

###.### ##<...........# #.#
#.....# #....[######..###.#
#.#.#.# ##...## #......#
#.#...# ##.## ##.#####
#.##..# #.# #.# #.##..# #.#
#.# #.....# ##'## #.# ####.##
##...## #.## ###.# ##...@.##
#..# ##.#.# ##.......## ##..#
####....###.........####...##
...)......'.........+.......#
####..))###........^####...##
#.....).........## ##..#
####.##.###.#.....## ##.###
..:.....# #.##...## #...#
.###.##.# #.###'## ###.#


There were no monsters in sight!

Vanquished Creatures
  2 ice beasts (D:5)
  An ogre (D:5)
  A phantom (D:5)
  3 kobold brigands (D:5)
  A scorpion (D:5)
  A hound (D:4)
  A bombardier beetle (D:4)
  A gnoll bouda (D:5)
  Jessica (D:2)
  2 iguanas (D:5)
  3 orc wizards (D:5)
  3 adders
  18 gnolls
  3 dart slugs
  6 orcs
  4 ball pythons
  7 endoplasms
  2 giant cockroaches
  9 goblins
  12 hobgoblins
  2 jackals (D:2)
  32 kobolds
  3 quokkas
  6 bats
  5 frilled lizards
  6 rats
135 creatures vanquished.

Notes
Turn   | Place    | Note
-------+----------+-------------------------------------------
     0 | D:1      | qw the Spriggan Hunter began the quest for the Orb.
     0 | D:1      | Reached XP level 1. HP: 10/10 MP: 2/2
     0 | D:1      | 0 ||| qw: Version: 0.3-a-155-g5e7d8dd
     0 | D:1      | 0 ||| qw: Game counter: 1356
     0 | D:1      | 0 ||| qw: Melee chars always use a shield: true
     0 | D:1      | 0 ||| qw: God list: Okawaru
     0 | D:1      | 0 ||| qw: Allow faded altars: false
     0 | D:1      | 0 ||| qw: Do Orc after clearing Dungeon:15 true
     0 | D:1      | 0 ||| qw: Do second Lair branch before Depths: true
     0 | D:1      | 0 ||| qw: Lair rune preference: random
     0 | D:1      | 0 ||| qw: Goals: Normal
     0 | D:1      | 0 ||| PLANNING D:1-11
    24 | D:1      | Reached skill level 3 in Dodging
   177 | D:1      | Reached XP level 2. HP: 14/14 MP: 3/3
   472 | D:1      | Reached XP level 3. HP: 18/18 MP: 4/4
   806 | D:1      | 806 ||| READING scroll labelled GYNKYNITWU.
   806 | D:1      | 806 ||| ENCHANTING +0 shortbow.
   807 | D:1      | 807 ||| READING scroll labelled FOATIA ASCHIOSU.
   808 | D:1      | 808 ||| READING scroll labelled ECWEECK GOXTEAGE.
   808 | D:1      | 808 ||| IDENTIFYING white potion
   809 | D:1      | 809 ||| READING scroll labelled WOD XEQAUMNUBO.
   810 | D:1      | 810 ||| DROPPING scroll of butterflies.
  1057 | D:2      | Noticed Jessica
  1060 | D:2      | Killed Jessica
  1061 | D:2      | Reached XP level 4. HP: 22/22 MP: 5/5
  1661 | D:2      | 1661 ||| UPGRADING to +1 hat.
  1666 | D:2      | 1666 ||| UPGRADING to +0 cloak.
  1671 | D:2      | 1671 ||| READING scroll labelled GAMPAE VOETO.
  1671 | D:2      | Identified a scroll of acquirement
  1671 | D:2      | 1671 ||| ACQUIRING +7 orcbow of flaming
  1671 | D:2      | Acquired a +7 orcbow of flaming
  1673 | D:2      | 1673 ||| SWAPPING to +7 orcbow of flaming.
  1674 | D:2      | 1674 ||| DROPPING +1 shortbow.
  1675 | D:2      | 1675 ||| READING 3 scrolls labelled FIVUEX LEVIMEIHYCU.
  1676 | D:2      | 1676 ||| READING scroll labelled GYLUIS YSTI.
  1676 | D:2      | 1676 ||| ENCHANTING +1 hat.
  1677 | D:2      | 1677 ||| DROPPING 2 scrolls of immolation.
  2087 | D:3      | Found Labb's Weapon Shop.
  2245 | D:3      | 2245 ||| UPGRADING to ring of resist corrosion.
  2246 | D:3      | 2246 ||| READING 3 scrolls of identify.
  2246 | D:3      | 2246 ||| IDENTIFYING cyan potion
  2247 | D:3      | 2247 ||| READING 2 scrolls of identify.
  2247 | D:3      | 2247 ||| IDENTIFYING metallic cyan potion
  2248 | D:3      | 2248 ||| READING scroll of identify.
  2248 | D:3      | 2248 ||| IDENTIFYING 2 grey potions
  2249 | D:3      | 2249 ||| READING scroll labelled RIPPEUSUEX.
  2252 | D:3      | 2252 ||| READING scroll labelled MINEONORUEG.
  2253 | D:3      | 2253 ||| READING scroll labelled IDAT XIEKLOUC.
  2254 | D:3      | 2254 ||| READING scroll labelled HOFUIN IDACLUGH.
  2298 | D:3      | 2298 ||| DRINKING 2 bubbling yellow potions.
  2299 | D:3      | 2299 ||| FLEEEEING.
  2300 | D:3      | 2300 ||| FLEEEEING.
  2301 | D:3      | 2301 ||| FLEEEEING.
  2302 | D:3      | 2302 ||| FLEEEEING.
  2303 | D:3      | 2303 ||| FLEEEEING.
  2304 | D:3      | 2304 ||| FLEEEEING.
  2305 | D:3      | 2305 ||| FLEEEEING.
  2306 | D:3      | 2306 ||| FLEEEEING.
  2307 | D:3      | 2307 ||| FLEEEEING.
  2308 | D:3      | 2308 ||| FLEEEEING.
  2309 | D:3      | 2309 ||| FLEEEEING.
  2310 | D:3      | 2310 ||| FLEEEEING.
  2311 | D:3      | 2311 ||| FLEEEEING.
  2312 | D:3      | 2312 ||| FLEEEEING.
  2313 | D:3      | 2313 ||| FLEEEEING.
  2314 | D:3      | 2314 ||| FLEEEEING.
  2315 | D:3      | 2315 ||| FLEEEEING.
  2316 | D:3      | 2316 ||| FLEEEEING.
  2317 | D:3      | 2317 ||| FLEEEEING.
  2318 | D:3      | 2318 ||| FLEEEEING.
  2319 | D:3      | 2319 ||| FLEEEEING.
  2320 | D:3      | 2320 ||| FLEEEEING.
  2321 | D:3      | 2321 ||| FLEEEEING.
  2322 | D:3      | 2322 ||| FLEEEEING.
  2323 | D:3      | 2323 ||| FLEEEEING.
  2324 | D:3      | 2324 ||| FLEEEEING.
  2325 | D:3      | 2325 ||| FLEEEEING.
  2326 | D:3      | 2326 ||| FLEEEEING.
  2327 | D:3      | 2327 ||| FLEEEEING.
  2328 | D:3      | 2328 ||| FLEEEEING.
  2329 | D:3      | 2329 ||| FLEEEEING.
  2330 | D:3      | 2330 ||| FLEEEEING.
  2331 | D:3      | 2331 ||| FLEEEEING.
  2332 | D:3      | 2332 ||| FLEEEEING.
  2333 | D:3      | 2333 ||| FLEEEEING.
  2334 | D:3      | 2334 ||| FLEEEEING.
  2335 | D:3      | 2335 ||| FLEEEEING.
  2336 | D:3      | 2336 ||| FLEEEEING.
  2337 | D:3      | 2337 ||| STAIRDANCE
  2339 | D:2      | 2339 ||| FLEEEEING.
  2340 | D:2      | 2340 ||| FLEEEEING.
  2341 | D:2      | 2341 ||| FLEEEEING.
  2342 | D:2      | 2342 ||| FLEEEEING.
  2343 | D:2      | 2343 ||| FLEEEEING.
  2344 | D:2      | 2344 ||| FLEEEEING.
  2345 | D:2      | 2345 ||| FLEEEEING.
  2346 | D:2      | 2346 ||| FLEEEEING.
  2347 | D:2      | 2347 ||| FLEEEEING.
  2348 | D:2      | 2348 ||| FLEEEEING.
  2349 | D:2      | 2349 ||| FLEEEEING.
  2350 | D:2      | 2350 ||| FLEEEEING.
  2351 | D:2      | 2351 ||| FLEEEEING.
  2352 | D:2      | 2352 ||| FLEEEEING.
  2353 | D:2      | 2353 ||| FLEEEEING.
  2354 | D:2      | 2354 ||| FLEEEEING.
  2355 | D:2      | 2355 ||| FLEEEEING.
  2356 | D:2      | 2356 ||| FLEEEEING.
  2357 | D:2      | 2357 ||| FLEEEEING.
  2358 | D:2      | 2358 ||| FLEEEEING.
  2359 | D:2      | 2359 ||| FLEEEEING.
  2360 | D:2      | 2360 ||| FLEEEEING.
  2361 | D:2      | 2361 ||| FLEEEEING.
  2362 | D:2      | 2362 ||| FLEEEEING.
  2363 | D:2      | 2363 ||| FLEEEEING.
  2364 | D:2      | 2364 ||| FLEEEEING.
  2365 | D:2      | 2365 ||| FLEEEEING.
  2366 | D:2      | 2366 ||| FLEEEEING.
  2367 | D:2      | 2367 ||| FLEEEEING.
  2368 | D:2      | 2368 ||| FLEEEEING.
  2369 | D:2      | 2369 ||| FLEEEEING.
  2370 | D:2      | 2370 ||| FLEEEEING.
  2371 | D:2      | 2371 ||| FLEEEEING.
  2372 | D:2      | 2372 ||| FLEEEEING.
  2373 | D:2      | 2373 ||| FLEEEEING.
  2374 | D:2      | 2374 ||| FLEEEEING.
  2375 | D:2      | 2375 ||| DROPPING potion of berserk rage.
  2376 | D:2      | 2376 ||| DROPPING potion of invisibility.
  2461 | D:4      | Reached XP level 5. HP: 26/26 MP: 6/6
  2462 | D:4      | Found a hazy altar of Hepliaklqana.
  2920 | D:5      | Entered Level 5 of the Dungeon
  2959 | D:5      | 2959 ||| RETREEEEATING.
  2962 | D:5      | Noticed a phantom
  2963 | D:5      | 2963 ||| RETREEEEATING.
  2965 | D:5      | 2965 ||| RETREEEEATING.
  2967 | D:5      | Reached skill level 6 in Ranged Weapons
  2967 | D:5      | 2967 ||| RETREEEEATING.
  2968 | D:5      | 2968 ||| RETREEEEATING.
  2971 | D:5      | 2971 ||| RETREEEEATING.
  2973 | D:5      | Killed a phantom
  2974 | D:5      | Reached skill level 6 in Dodging
  2974 | D:5      | Reached XP level 6. HP: 22/30 MP: 7/7
  3216 | D:5      | Found a staircase to the Ecumenical Temple.
  3217 | D:5      | 3217 ||| PLANNING TEMPLE
  3297 | D:5      | 3297 ||| READING scroll of enchant weapon.
  3297 | D:5      | 3297 ||| ENCHANTING +7 orcbow of flaming.
  3325 | D:5      | Found a basalt altar of Yredelemnul.
  3421 | D:5      | Reached XP level 7. HP: 21/35 MP: 8/8
  3657 | D:5      | 3657 ||| FLEEEEING.
  3658 | D:5      | 3658 ||| FLEEEEING.
  3659 | D:5      | 3659 ||| FLEEEEING.
  3660 | D:5      | 3660 ||| FLEEEEING.
  3661 | D:5      | 3661 ||| FLEEEEING.
  3662 | D:5      | 3662 ||| FLEEEEING.
  3663 | D:5      | 3663 ||| FLEEEEING.
  3664 | D:5      | 3664 ||| FLEEEEING.
  3665 | D:5      | 3665 ||| FLEEEEING.
  3666 | D:5      | 3666 ||| FLEEEEING.
  3667 | D:5      | 3667 ||| FLEEEEING.
  3669 | D:5      | 3669 ||| FLEEEEING.
  3670 | D:5      | 3670 ||| FLEEEEING.
  3671 | D:5      | 3671 ||| FLEEEEING.
  3672 | D:5      | 3672 ||| FLEEEEING.
  3673 | D:5      | 3673 ||| FLEEEEING.
  3674 | D:5      | 3674 ||| FLEEEEING.
  3675 | D:5      | 3675 ||| FLEEEEING.
  3676 | D:5      | 3676 ||| FLEEEEING.
  3677 | D:5      | 3677 ||| FLEEEEING.
  3999 | D:5      | Reached XP level 8. HP: 31/39 MP: 9/9
  4000 | D:5      | Reached skill level 3 in Fighting
  4224 | D:5      | 4224 ||| UPGRADING to +6 ring of strength.
  4225 | D:5      | 4225 ||| UPGRADING to +4 ring of protection.
  4227 | D:5      | 4227 ||| UPGRADING to ring of protection from cold.
  4229 | D:5      | 4229 ||| DROPPING ring of resist corrosion.
  4230 | D:5      | 4230 ||| READING 2 scrolls of identify.
  4230 | D:5      | 4230 ||| IDENTIFYING fuming sapphire potion
  4231 | D:5      | 4231 ||| READING scroll of identify.
  4231 | D:5      | 4231 ||| IDENTIFYING scroll labelled DAEFIJ NUORIR
  4232 | D:5      | 4232 ||| DROPPING scroll of fog.
 24256 | D:5      | Glimpsed the power of Zot.
 24656 | D:5      | Glimpsed the power of Zot.
 24976 | D:5      | Glimpsed the power of Zot.
 25056 | D:5      | Touched by the power of Zot (MHP 40 -> 31)
 25057 | D:5      | Glimpsed the power of Zot.
 25457 | D:5      | Glimpsed the power of Zot.
 25777 | D:5      | Glimpsed the power of Zot.
 25856 | D:5      | Touched by the power of Zot (MHP 34 -> 26)
 25857 | D:5      | Glimpsed the power of Zot.
 26257 | D:5      | Glimpsed the power of Zot.
 26577 | D:5      | Glimpsed the power of Zot.
 26656 | D:5      | Touched by the power of Zot (MHP 28 -> 21)
 26657 | D:5      | Glimpsed the power of Zot.
 27057 | D:5      | Glimpsed the power of Zot.
 27377 | D:5      | Glimpsed the power of Zot.
 27456 | D:5      | Touched by the power of Zot (MHP 23 -> 17)
 27457 | D:5      | Glimpsed the power of Zot.
 27857 | D:5      | Glimpsed the power of Zot.
 28177 | D:5      | Glimpsed the power of Zot.
 28256 | D:5      | Touched by the power of Zot (MHP 19 -> 13)
 28257 | D:5      | Glimpsed the power of Zot.
 28657 | D:5      | Glimpsed the power of Zot.
 28977 | D:5      | Glimpsed the power of Zot.
 29056 | D:5      | Touched by the power of Zot (MHP 15 -> 10)
 29057 | D:5      | Glimpsed the power of Zot.
 29457 | D:5      | Glimpsed the power of Zot.
 29777 | D:5      | Glimpsed the power of Zot.
 29856 | D:5      | Touched by the power of Zot (MHP 11 -> 7)
 29857 | D:5      | Glimpsed the power of Zot.
 30257 | D:5      | Glimpsed the power of Zot.
 30577 | D:5      | Glimpsed the power of Zot.
 30656 | D:5      | Touched by the power of Zot (MHP 9 -> 5)
 30657 | D:5      | Glimpsed the power of Zot.
 31057 | D:5      | Glimpsed the power of Zot.
 31377 | D:5      | Glimpsed the power of Zot.
 31456 | D:5      | Touched by the power of Zot (MHP 6 -> 2)
 31457 | D:5      | Glimpsed the power of Zot.
 31857 | D:5      | Glimpsed the power of Zot.
 32177 | D:5      | Glimpsed the power of Zot.
 32256 | D:5      | Touched by the power of Zot (MHP 3 -> 1)
 32257 | D:5      | Glimpsed the power of Zot.
 32657 | D:5      | Glimpsed the power of Zot.
 32977 | D:5      | Glimpsed the power of Zot.
 33056 | D:5      | Touched by the power of Zot (MHP 2 -> 1)
 33057 | D:5      | 33057 ||| QUITTING!
 33057 | D:5      | Quit the game

Levels and vault maps discovered:
D:1:      dpeg_arrival_rooms_a, layout_loops_corners, minmay_stone_trees_small
D:2:      layout_basic, uniq_jessica
D:3:      layout_basic, serial_shops, shop, serial_bayou_pond_e,
          mrwooster_statue_mirror
D:4:      layout_cave_pools, nzn_hepliaklqana_mist_gate, roderic_lattice_a
D:5:      minmay_goblin_kobold_castle, layout_loops_corners,
          kennysheep_mini_moat, minmay_temple_entry_statues

Skill      XL: |  1  2  3  4  5  6  7  8 |
---------------+-------------------------+-----
Dodging        | 3 4 5 6 8 |  8.0
Ranged Weapons | 5 6 7 8 |  8.1
Fighting       | 2 3 |  3.2
Stealth        | |  1.5

Action                     |  1- 3 |  4- 6 |  7- 9 || total
---------------------------+-------+-------+-------++-------
   Fire: Shortbow          |    73 |    15 |       ||    88
         Orcbow            |       |    75 |   100 ||   175
    Use: Scroll            |     4 |    11 |     2 ||    17
         Potion            |       |     1 |       ||     1
 Armour: Robe              |     1 |     6 |    17 ||    24
  Dodge: Dodged            |    16 |    26 |    60 ||   102

Table legend:
 A = Non-vault XP
 B = Vault XP
 C = Vault XP percentage of total XP
 D = Non-vault monster count
 E = Vault monster count
 F = Vault count percentage of total count
                 A         B        C        D         E       F
            +---------+---------+-------+---------+---------+-------
      Total |    1118 |     548 |  32.9 |      89 |      46 |  34.1
            +---------+---------+-------+---------+---------+-------
        D:1 |      60 |       0 |   0.0 |      28 |       0 |   0.0
        D:2 |      47 |      37 |  44.0 |      13 |       1 |   7.1
        D:3 |      22 |       0 |   0.0 |      14 |       0 |   0.0
        D:4 |     105 |       0 |   0.0 |      11 |       0 |   0.0
        D:5 |     884 |     511 |  36.6 |      23 |      45 |  66.2
            +---------+---------+-------+---------+---------+-------
